General information
- name: BNet
- type: Ladder 1vs1/FFA
- host: Battle.net
- saver: GODIEPLZ
map: TurtleRock
- players: 2
- length: 19:33
- speed: Fast
- version: 1.26 W3XP
- replay type: Public
» download(87 KB)
Players
team 1 (loser)
Raginghom0 (
blue | 80 APM | 1563 actions | 19:32)
4 Demon Hunter
2 Mana Burn
2 Evasion
3 Naga Sea Witch
2 Frost Arrows
1 Forked Lightning
» actions
| Basic commands | 46 | |
| Build / train | 56 | |
| Enter build submenu | 24 | |
| Enter hero's abilities submenu | 7 | |
| Remove unit from queue | 4 | |
| Right click | 795 | |
| Select / deselect | 544 | |
| Use ability | 87 | |
1563 total
» units
| Wisp | 14 | |
| Huntress | 9 | |
| Druid of the Claw | 8 | |
| Dryad | 6 | |
37 total
» upgrades
| Druid of the Claw Training | 2 | |
| Strength of the Wild | 1 | |
| Reinforced Hides | 1 | |
| Abolish Magic | 1 | |
5 total
» buildings
| Altar of Elders | 1 | |
| Moon Well | 8 | |
| Hunter's Hall | 1 | |
| Ancient of War | 2 | |
| Ancient Protector | 2 | |
| Tree of Ages | 1 | |
| Ancient of Wonders | 1 | |
| Ancient of Lore | 2 | |
| Tree of Eternity | 1 | |
| Tree of Life | 1 | |
20 total
» build order
00:05 Altar of Elders
00:07 Moon Well
01:06 Hunter's Hall
01:33 Ancient of War
01:55 Moon Well
02:25 Ancient Protector
03:15 Ancient of War
05:05 Tree of Ages
05:30 Moon Well
05:43 Ancient of Wonders
06:23 Moon Well
07:59 Ancient of Lore
08:26 Tree of Eternity
12:16 Moon Well
13:10 Ancient Protector
14:25 Moon Well
14:35 Ancient of Lore
14:41 Moon Well
14:48 Moon Well
17:55 Tree of Life
» items
team 2 (winner)
GODIEPLZ (
yellow | 167 APM | 3274 actions | 19:33)
4 Blademaster
2 Wind Walk
2 Critical Strike
4 Goblin Tinker
2 Pocket Factory
2 Engineering Upgrade
» actions
| Assign group hotkey | 40 | |
| Basic commands | 72 | |
| Build / train | 70 | |
| ESC pressed | 3 | |
| Enter build submenu | 9 | |
| Enter hero's abilities submenu | 8 | |
| Right click | 1933 | |
| Select / deselect | 667 | |
| Select group hotkey | 382 | |
| Use ability | 90 | |
3274 total
» units
| Peon | 6 | |
| Grunt | 19 | |
| Raider | 6 | |
| Wind Rider | 3 | |
34 total
» upgrades
| Berserker Strength | 1 | |
| Ensnare | 1 | |
| Armor | 1 | |
3 total
» buildings
| Altar of Storms | 1 | |
| Orc Burrow | 4 | |
| Barracks | 1 | |
| Voodoo Lounge | 1 | |
| Stronghold | 2 | |
| War Mill | 1 | |
| Beastiary | 1 | |
11 total
» build order
00:03 Altar of Storms
00:06 Orc Burrow
00:23 Barracks
01:40 Orc Burrow
02:06 Voodoo Lounge
03:27 Stronghold
03:27 Stronghold
04:15 Orc Burrow
06:13 War Mill
06:42 Beastiary
06:46 Orc Burrow
» items
| Lesser Clarity Potion | 9 | |
| Healing Salve | 7 | |
| Scroll of Town Portal | 2 | |
| Potion of Mana | 2 | |
| Potion of Healing | 1 | |
21 total
Chat log
(08:32 / All) Raginghom0: Darn
(08:39 / All) Raginghom0: was hopin u would win there..